 Dungeon Crawl Stone Soup version 0.31-a0-1529-g7bd419a (webtiles) character file.

Game seed: 13113249316019094789

118489 PublicAnimeNo1 the Lord of Darkness (level 16, -3/122 HPs)
             Began as a Demonspawn Alchemist on Dec 30, 2023.
             Was the Champion of Kikubaaqudgha.
             Slain by a spark wasp (17 damage)
             ... on level 1 of the Spider Nest.
             The game lasted 01:12:31 (28858 turns).

PublicAnimeNo1 the Lord of Darkness (DsAl)         Turns: 28858, Time: 01:12:31

Health: -3/122     AC: 19    Str: 10    XL:     16   Next: 25%
Magic:  38/39      EV: 18    Int: 33    God:    Kikubaaqudgha [******]
Gold:   1012       SH:  5    Dex: 16    Spells: 5/35 levels left

rFire   + . .        a - +4 dagger (venom)
rCold   + . .        b - +0 buckler
rNeg    . . .        x - +2 ring mail {rF+}
rPois   +            v - +2 hat
rElec   .            K - +2 cloak {rPois}
rCorr   +            k - +1 pair of gloves
SInv    .            T - +0 pair of boots
Will    +....        p - amulet "Cepus" {Regen+ rCorr MP+9 Int+5 Dex+2}
Stlth   ++++         t - ring of protection from cold
HPRegen 1.20/turn    o - +6 ring of intelligence
MPRegen 0.26/turn

%: no passive effects
@: mighty, agile, studying Short Blades
A: horns 2, demonic guardian 2, powered by pain 2, sharp scales 3, inability to
drink after injury 1
a: Renounce Religion, Unearth Wretches, Torment, Brand Weapon With Pain, Receive
Forbidden Knowledge


You were on level 1 of the Spider Nest.
You worshipped Kikubaaqudgha.
Kikubaaqudgha was exalted by your worship.
You visited 4 branches of the dungeon, and saw 23 of its levels.
You also visited: Bailey and Ice Cave.

You collected 2331 gold pieces.
You spent 1319 gold pieces at shops.

Inventory:

Hand Weapons
 a - a +4 dagger of venom (weapon)
 U - a +3 rapier of draining
Armour
 b - a +0 buckler (worn)
 f - an orb of light
 k - a +1 pair of gloves (worn)
 v - a +2 hat (worn)
 x - a +2 ring mail of fire resistance (worn)
 K - a +2 cloak of poison resistance (worn)
 T - a +0 pair of boots (worn)
Jewellery
 h - a ring of see invisible
 o - a +6 ring of intelligence (right hand)
 p - the amulet "Cepus" (around neck) {Regen+ rCorr MP+9 Int+5 Dex+2}
   (You acquired it on level 5 of the Dungeon)

   [amulet of regeneration]

   Int+5:     It affects your intelligence (+5).
   Dex+2:     It affects your dexterity (+2).
   MP+9:      It affects your magic capacity (+9).
   Regen+:    It increases your rate of health regeneration.
   rCorr:     It protects you from acid and corrosion.
 t - a ring of protection from cold (left hand)
 y - an amulet of guardian spirit
 D - a ring of magical power
 O - a +6 ring of strength
 P - a +6 ring of intelligence
 Q - a +6 ring of intelligence
Wands
 w - a wand of polymorph (7)
 B - a wand of flame (21)
 F - a wand of digging (9)
 H - a wand of charming (18)
 J - a wand of iceblast (7)
 S - a wand of mindburst (18)
 X - a wand of acid (6)
Scrolls
 c - 8 scrolls of teleportation
 l - 4 scrolls of revelation
 n - 3 scrolls of vulnerability
 q - 3 scrolls of immolation
 u - 10 scrolls of identify
 z - 5 scrolls of fog
 C - 4 scrolls of poison
 E - 2 scrolls of fear
 L - 2 scrolls of silence
 N - a scroll of blinking
 W - a scroll of enchant weapon
Potions
 d - 2 potions of cancellation
 e - 6 potions of haste
 g - 2 potions of mutation
 i - 4 potions of lignification
 j - 6 potions of curing
 m - 4 potions of brilliance
 r - 2 potions of attraction
 s - a potion of might
 A - 3 potions of magic
 G - a potion of resistance {unknown}
 M - 3 potions of berserk rage
 R - 2 potions of ambrosia
 V - 6 potions of enlightenment
Miscellaneous
 I - a phial of floods


   Skills:
 - Level 10.0 Fighting
 + Level 7.9 Short Blades
 - Level 4.0 Armour
 - Level 8.4 Dodging
 - Level 10.0 Stealth
 + Level 2.7 Shields
 - Level 10.0 Spellcasting
 - Level 4.5 Conjurations
 - Level 5.1 Summonings
 + Level 14.5 Necromancy
 - Level 4.0 Fire Magic
 + Level 4.2 Earth Magic
 - Level 14.0 Alchemy


You had 5 spell levels left.
You knew the following spells:

 Your Spells              Type           Power      Damage    Failure   Level
a - Sting                 Conj/Alch      100%       1d9       1%          1
b - Mercury Vapours       Alch/Air       100%       N/A       1%          2
c - Mephitic Cloud        Conj/Alch/Air  55%        N/A       2%          3
d - Olgreb's Toxic Radia  Alch           83%        N/A       1%          4
e - Sticky Flame          Fire/Alch      66%        2d11      2%          4
f - Ignite Poison         Fire/Alch      66%        N/A       2%          4
g - Dispel Undead         Necr           84%        3d27      1%          4
h - Martyr's Knell        Necr/Summ      69%        N/A       1%          4
i - Petrify               Alch/Erth      67%        N/A       2%          4

Your spell library contained the following spells:

 Spells                   Type           Power      Damage    Failure   Level
 Foxfire                  Conj/Fire      100%       2x1d9     1%          1
 Kiss of Death            Conj/Necr      100%       2d13      1%          1
 Magic Dart               Conj           100%       1d8       1%          1
 Necrotise                Necr           100%       1d9       1%          1
 Call Imp                 Summ           100%       N/A       1%          2
 Sublimation of Blood     Necr           84%        N/A       1%          2
 Fugue of the Fallen      Necr           84%        N/A       1%          3
 Vampiric Draining        Necr           84%        2d12      1%          3
 Searing Ray              Conj           92%        2d7       2%          2
 Fulminant Prism          Conj/Alch      33%        3d16      2%          4
 Leda's Liquefaction      Alch/Erth      33%        N/A       2%          4
 Call Canine Familiar     Summ           50%        N/A       3%          3
 Anguish                  Hex/Necr       29%        N/A       4%          4
 Borgnjor's Vile Clutch   Necr/Erth      34%        N/A       6%          5
 Slow                     Hex            64%        N/A       10%         1
 Blink                    Tloc           32%        N/A       16%         2
 Confusing Touch          Hex            16%        N/A       30%         3
 Frozen Ramparts          Ice            32%        1d5       30%         3
 Sigil of Binding         Hex            16%        N/A       30%         3
 Tukima's Dance           Hex            16%        N/A       30%         3
 Iskenderun's Mystic Bla  Conj/Tloc      31%        2d8       36%         4
 Dimensional Bullseye     Hex/Tloc       8%         N/A       69%         4
 Metabolic Englaciation   Hex/Ice        8%         N/A       95%         5
 Death Channel            Necr           42%        N/A       4%          6
 Haunt                    Necr/Summ      34%        N/A       83%         7
 Ignition                 Fire           21%        3d8       100%        8
 Dragon's Call            Summ           25%        N/A       100%        9


Dungeon Overview and Level Annotations

Branches:
Dungeon (15/15)            Temple (0/1) D:5            Lair (5/5) D:10
  Swamp (0/4) Lair:3       Spider (1/4) Lair:3        Slime (0/5) Lair:4
    Orc (2/2) D:11            Elf (0/3) Orc:2        Vaults (0/5) D:13
 Depths (0/4) D:15         Bailey (visited)           IceCv (visited)

Altars:
Gozag
Kikubaaqudgha
Nemelex Xobeh
Sif Muna
Trog
Uskayaw
Vehumet
Xom
Jiyva

Shops:
D:7 *   D:8 :   D:9 *   D:10 [   Orc:2 =:=[

Annotations:
D:5 exclusion: water moccasin
D:9 exclusion: two-headed ogre
D:14 exclusions: death knight and skeletal warrior
D:15 Rupert
Lair:2 exclusion: hydra


Innate Abilities, Weirdness & Mutations

You have a pair of horns on your head.
A demonic guardian rushes to your aid.
You sometimes gain power by taking damage.
You are completely covered in razor-sharp scales. (AC +3, Slay +3)
You occasionally lose the ability to drink potions when taking damage.


Message History

The spark wasp stings you but does no damage.
A spark wasp comes into view.
An electric eel comes into view.
You block the spark wasp's attack.
The spark wasp looks even sicker.
The spark wasp attacks as it pursues you!
The spark wasp barely misses you. The spark wasp stings you!
You focus on the pain.
You feel agile all of a sudden. The spark wasp shocks you!
A demonic guardian appears!
The spark wasp bursts into living lightning!
The living lightning hits the spark wasp.
The spark wasp completely resists.
The living lightning misses you.
The spark wasp blinks! x3
Aiming: Sticky Flame (mildly dangerous; 2% risk of failure)
Press: ? - help, Q - select action, (/) - cycle Shift-Dir - straight line, f - spark wasp
Aim: a spark wasp (severely wounded, not watching you, very poisoned, ally target)
The sticky flame hits the spark wasp!
The spark wasp is almost dead.
Your orange demon is poisoned.
The spark wasp is poisoned.
You kill the spark wasp!
Kikubaaqudgha accepts your kill. You block the spark wasp's attack.
Your orange demon barely misses the spark wasp.
Aiming: Sticky Flame (mildly dangerous; 2% risk of failure)
Press: ? - help, Q - select action, (/) - cycle Shift-Dir - straight line, f - spark wasp
Aim: a spark wasp (lightly wounded, poisoned)
The sticky flame hits the spark wasp!
The spark wasp is moderately wounded.
Your orange demon looks even sicker.
The electric eel is poisoned.
Your toxic aura wanes.
The spark wasp burns!
The spark wasp stings you!! The spark wasp shocks you!
* * * LOW HITPOINT WARNING * * *
You focus on the pain.
You feel your power returning. The spark wasp stings you!!
* * * LOW HITPOINT WARNING * * *
The spark wasp shocks you!
You die...
Kikubaaqudgha rasps: "You have failed me!
Welcome... death!"

##.###...##......####.
#.#.....##.......####
##....>..##........###
#........###.#####....
##.........#### ###.#
#^.........# ≈ ##.
##........##~~≈ ##
###..4....#~≈.~
#..##.@y.......
##..##y........
##....#.####~~S~ #
##.........# ≈S #
#.......#### ##
#.......## ####.
#........# #####...#
#........# #.^...###
#........########.....##


You could see 2 spark wasps, an electric eel (poisoned) and a friendly orange
demon (summoned, very poisoned).

Vanquished Creatures
  An azure jelly (IceCv)
  An orc warlord (Bailey)
  A ghost moth (Spider:1)
  2 quicksilver oozes (IceCv)
  A broodmother (Spider:1)
  2 dire elephants (Lair:5)
  A spark wasp (Spider:1)
  An ettin (D:15)
  A rakshasa (D:14)
  A vault guard (D:13)
  A hydra (Lair:2)
  3 catoblepae
  An ironbound frostheart (D:13)
  3 centaur warriors
  A boulder beetle (Spider:1)
  18 two-headed ogres
  2 death knights
  4 ogre magi (Orc:2)
  4 tengu warriors
  14 death yaks
  A demonic crawler (Spider:1)
  2 orc high priests (Orc:1)
  A deep troll earth mage (D:15)
  A pharaoh ant (Spider:1)
  2 skysharks (Lair:5)
  Sonja (Lair:5)
  3 skeletal warriors (D:13)
  A death drake (shapeshifter) (D:15)
  A swamp dragon (Lair:3)
  An arcanist (D:13)
  2 orb spiders (Spider:1)
  A steelbarb worm (Spider:1)
  3 phantasmal warriors
  A deep elf pyromancer (D:8)
  5 ugly things
  3 cyclopes
  9 manticores
  2 orc sorcerers
  3 meliai (Spider:1)
  7 elephants (Lair:5)
  4 black mambas
  2 ice statues (IceCv)
  3 kobold blastminers (Orc:2)
  17 cane toads
  A gargoyle (D:11)
  2 rime drakes
  3 unseen horrors
  A freezing wraith (D:14)
  Maggie (Lair:2)
  5 kobold demonologists
  6 komodo dragons
  Jeremiah (D:9)
  Psyche (D:8)
  2 tengu conjurers
  An efreet (D:14)
  A queen bee (Spider:1)
  9 trolls
  3 polar bears
  7 dream sheep
  4 tarantellas (Spider:1)
  18 blink frogs
  9 slime creatures
  11 jumping spiders (Spider:1)
  4 culicivoras (Spider:1)
  4 shadows
  A vampire (D:11)
  3 humans (D:13)
  4 wyverns
  Eustachio (D:5)
  5 wraiths
  2 basilisks (Lair:3)
  49 yaks
  3 wargs
  3 steam dragons
  7 redbacks (Spider:1)
  8 vampire mosquitoes
  3 great orb of eyes simulacra (IceCv)
  14 water moccasins
  2 acid dragons
  3 hell hounds (D:13)
  2 ice beasts
  3 black bears
  28 ogres
  25 orc warriors
  2 sky beasts
  A boggart (D:11)
  20 wolves
  12 centaurs
  4 slime creature simulacra (IceCv)
  3 kobold brigands
  10 bullfrogs
  7 glowing shapeshifter simulacra (IceCv)
  2 gnoll sergeants
  2 scorpions
  24 killer bees
  5 howler monkeys
  An electric eel (Spider:1)
  2 bombardier beetles
  15 orc priests
  15 jellies
  2 iguanas (D:5)
  15 orc wizards
  2 sleepcaps
  5 hell rats (Lair:3)
  A shapeshifter simulacrum (IceCv)
  14 gnolls
  10 adders
  A shadow imp (D:6)
  A white imp (D:6)
  2 ufetubi (D:5)
  2 dart slugs
  2 ribbon worms
  71 orcs
  5 endoplasms
  A giant cockroach (D:2)
  22 goblins
  14 hobgoblins
  A jackal (D:2)
  17 kobolds
  4 quokkas
  6 ball pythons
  3 bats
  A frilled lizard (D:1)
  2 rats
728 creatures vanquished.

Vanquished Creatures (collateral kills)
  A centaur warrior (D:15)
  A manticore (D:11)
  An elephant (Lair:5)
  3 slime creatures
  A jelly (D:5)
  An orc wizard (Orc:1)
  A sleepcap (D:6)
  A gnoll (D:2)
10 creatures vanquished.

Vanquished Creatures (others)
  A cyclops (D:15)
1 creature vanquished.

Grand Total: 739 creatures vanquished

Notes
Turn   | Place    | Note
-------+----------+-------------------------------------------
     0 | D:1      | PublicAnimeNo1 the Demonspawn Alchemist began the quest for
                  | the Orb.
     0 | D:1      | Reached XP level 1. HP: 13/13 MP: 3/3
   291 | D:1      | Gained mutation: A weak demonic guardian rushes to your
                  | aid. [demonic ancestry]
   291 | D:1      | Reached XP level 2. HP: 20/20 MP: 5/5
   294 | D:1      | Learned a level 2 spell: Mercury Vapours
   948 | D:2      | Reached skill level 1 in Fighting
   948 | D:2      | Reached XP level 3. HP: 17/26 MP: 2/6
  1195 | D:2      | Gained mutation: You sometimes gain a little power by
                  | taking damage. [demonic ancestry]
  1195 | D:2      | Reached XP level 4. HP: 28/32 MP: 1/7
  1750 | D:3      | Learned a level 3 spell: Mephitic Cloud
  1912 | D:3      | Found an opulent altar of Gozag.
  1912 | D:3      | Found an ancient bone altar of Kikubaaqudgha.
  2130 | D:3      | Gained mutation: You sometimes gain power by taking damage.
                  | [demonic ancestry]
  2130 | D:3      | Reached XP level 5. HP: 31/38 MP: 4/8
  2251 | D:3      | Became a worshipper of Kikubaaqudgha
  3247 | D:4      | Reached XP level 6. HP: 44/44 MP: 7/10
  3386 | D:5      | Entered Level 5 of the Dungeon
  3653 | D:5      | Found a radiant altar of Vehumet.
  3658 | D:5      | Noticed a water moccasin
  3705 | D:5      | Found a staircase to the Ecumenical Temple.
  3732 | D:5      | Reached skill level 5 in Alchemy
  3994 | D:5      | Noticed Eustachio
  4011 | D:5      | Killed Eustachio
  4012 | D:5      | Gained mutation: You are partially covered in razor-sharp
                  | scales. (AC +1, Slay +1) [demonic ancestry]
  4012 | D:5      | Reached XP level 7. HP: 50/50 MP: 5/12
  4100 | D:5      | Identified a scroll of acquirement
  4100 | D:5      | Acquired the amulet "Cepus" {Regen+ rCorr MP+9 Int+5 Dex+2}
  4351 | D:5      | Learned a level 4 spell: Olgreb's Toxic Radiance
  4438 | D:5      | Found a bloodstained altar of Trog.
  4564 | D:5      | Found a shimmering altar of Xom.
  4766 | D:5      | Found a hide-covered altar of Uskayaw.
  5082 | D:6      | Reached * piety under Kikubaaqudgha
  5082 | D:6      | Received a gift from Kikubaaqudgha
  5303 | D:6      | Gained mutation: You are mostly covered in razor-sharp
                  | scales. (AC +2, Slay +2) [demonic ancestry]
  5303 | D:6      | Reached XP level 8. HP: 39/56 MP: 14/14
  5624 | D:6      | Reached skill level 1 in Short Blades
  6224 | D:6      | Learned a level 4 spell: Sticky Flame
  6333 | D:7      | Found a flagged portal.
  6347 | Bailey   | Entered a bailey
  6417 | Bailey   | Reached ** piety under Kikubaaqudgha
  6420 | Bailey   | Reached skill level 5 in Stealth
  6501 | Bailey   | Reached skill level 1 in Fire Magic
  6593 | Bailey   | Gained mutation: You have a pair of small horns on your
                  | head. [demonic ancestry]
  6593 | Bailey   | Reached XP level 9. HP: 48/61 MP: 16/16
  6669 | Bailey   | Reached skill level 5 in Spellcasting
  6728 | Bailey   | Noticed an orc warlord
  6805 | Bailey   | Killed an orc warlord
  6870 | Bailey   | Identified the +1 war axe "Faat" {speed, ^Drain Will+ SInv}
  6887 | Bailey   | Reached skill level 5 in Short Blades
  6887 | Bailey   | Reached skill level 5 in Dodging
  6887 | Bailey   | Reached skill level 10 in Alchemy
  6887 | Bailey   | Reached XP level 10. HP: 73/73 MP: 18/18
  7193 | D:7      | Reached skill level 1 in Necromancy
  7386 | D:7      | Found Voqe's Mass Market.
  7952 | D:8      | Noticed a two-headed ogre
  7965 | D:8      | Killed a two-headed ogre
  7966 | D:8      | Gained mutation: You have a pair of horns on your head.
                  | [demonic ancestry]
  7966 | D:8      | Reached XP level 11. HP: 78/78 MP: 19/19
  8026 | D:8      | Found Ebag's Book Shop.
  8102 | D:8      | Noticed a deep elf pyromancer
  8109 | D:8      | Killed a deep elf pyromancer
  8110 | D:8      | Reached skill level 1 in Armour
  8301 | D:8      | Noticed Psyche
  8469 | D:8      | Found a shimmering blue altar of Sif Muna.
  8530 | D:8      | Killed Psyche
  8531 | D:8      | Reached skill level 5 in Fighting
  8812 | D:8      | Got Cafennon's Quarto of Massed Conjuration
  8831 | D:9      | Noticed a two-headed ogre
  8852 | D:9      | Found Bucoskio's Assorted Antiques.
  8855 | D:9      | Bought a glowing cloak for 210 gold pieces
  8882 | D:9      | Noticed Jeremiah
  8897 | D:9      | Killed Jeremiah
  8980 | D:9      | Reached *** piety under Kikubaaqudgha
  8980 | D:9      | Received a gift from Kikubaaqudgha
  9838 | D:10     | Entered Level 10 of the Dungeon
  9907 | D:10     | Found Hijebrod's Armour Shoppe.
  9910 | D:10     | Bought a +1 pair of gloves for 149 gold pieces
 10122 | D:10     | Noticed a two-headed ogre
 10146 | D:10     | Killed a two-headed ogre
 10590 | D:10     | Found a staircase to the Lair.
 10800 | D:10     | Learned a level 2 spell: Searing Ray
 10842 | D:10     | Learned a level 4 spell: Dispel Undead
 10910 | D:10     | Reached **** piety under Kikubaaqudgha
 11273 | Lair:1   | Entered Level 1 of the Lair of Beasts
 11383 | Lair:1   | Noticed a death yak
 11851 | Lair:2   | Reached skill level 5 in Necromancy
 11986 | Lair:2   | Gained mutation: You are completely covered in razor-sharp
                  | scales. (AC +3, Slay +3) [demonic ancestry]
 11986 | Lair:2   | Reached XP level 12. HP: 88/88 MP: 21/21
 12123 | Lair:2   | Noticed a seven-headed hydra
 12215 | Lair:2   | Identified the +3 leather armour of Amorality {Harm rPois
                  | Will- Int+3}
 12491 | Lair:2   | Noticed Maggie
 12505 | Lair:2   | Killed Maggie
 12541 | Lair:2   | Noticed a six-headed hydra
 12881 | Lair:3   | Identified the +2 helmet of Snakes and Ladders {Dex+3}
 13113 | Lair:3   | Found a hole to the Spider Nest.
 13231 | Lair:3   | Found a staircase to the Swamp.
 13519 | D:11     | Learned a level 4 spell: Ignite Poison
 13708 | D:11     | Noticed a two-headed ogre
 13717 | D:11     | Killed a two-headed ogre
 13765 | D:11     | Reached ***** piety under Kikubaaqudgha
 14125 | D:11     | Noticed a two-headed ogre
 14134 | D:11     | Killed a two-headed ogre
 14277 | D:11     | Noticed a death knight
 14302 | D:11     | Killed a death knight
 14303 | D:11     | Reached XP level 13. HP: 52/93 MP: 22/22
 14673 | D:11     | Found a staircase to the Orcish Mines.
 15093 | Orc:1    | Entered Level 1 of the Orcish Mines
 15275 | Orc:1    | Gained mutation: You occasionally lose the ability to drink
                  | potions when taking damage. [a neqoxec]
 15277 | Orc:1    | Reached skill level 10 in Necromancy
 15788 | Orc:2    | Entered Level 2 of the Orcish Mines
 15955 | Orc:2    | Found a staircase to the Elven Halls.
 16030 | Orc:2    | Reached ****** piety under Kikubaaqudgha
 16463 | Orc:2    | Found Ykeruwet's Armour Shop.
 16463 | Orc:2    | Found Ejeit's Jewellery Emporium.
 16464 | Orc:2    | Found Evoal's Book Emporium.
 16464 | Orc:2    | Found Kosetzup's Jewellery Boutique.
 16547 | Orc:2    | Reached XP level 14. HP: 100/100 MP: 23/23
 18103 | D:13     | Found a frozen archway.
 18112 | IceCv    | Entered an ice cave
 18475 | IceCv    | Noticed a quicksilver ooze
 18489 | IceCv    | Killed a quicksilver ooze
 18642 | IceCv    | Noticed a quicksilver ooze
 18644 | IceCv    | Found a viscous altar of Jiyva.
 18644 | IceCv    | Noticed an azure jelly
 18665 | IceCv    | Killed an azure jelly
 18667 | IceCv    | Killed a quicksilver ooze
 18737 | IceCv    | Identified the amulet of Lesinaow {Faith rPois Dex+2}
 19014 | D:13     | HP: 2/103 [skeletal warrior/+0 halberd (15)]
 19530 | Lair:1   | Learned a level 4 spell: Martyr's Knell
 20272 | Lair:3   | Reached skill level 1 in Summonings
 20477 | Lair:3   | Identified the +7 trident of Adverse Possession {freeze,
                  | rElec}
 20592 | Lair:4   | Reached skill level 10 in Stealth
 20982 | Lair:4   | Found a viscous altar of Jiyva.
 21327 | Lair:4   | Found a staircase to the Slime Pits.
 21723 | Lair:5   | Entered Level 5 of the Lair of Beasts
 21884 | Lair:5   | Reached XP level 15. HP: 112/112 MP: 27/27
 22365 | Lair:5   | Noticed Sonja
 22370 | Lair:5   | Killed Sonja
 22789 | Lair:5   | Learned a level 4 spell: Petrify
 23031 | Lair:5   | Reached skill level 1 in Earth Magic
 23295 | Lair:5   | Reached skill level 5 in Summonings
 23888 | D:8      | Bought a manual of Short Blades for 960 gold pieces
 24836 | D:13     | Found a gate to the Vaults.
 25201 | D:13     | Upgraded the game from 0.31-a0-1522-g43313d8 to
                  | 0.31-a0-1529-g7bd419a
 25581 | D:14     | Found a sparkling altar of Nemelex Xobeh.
 25814 | D:15     | Entered Level 15 of the Dungeon
 25857 | D:15     | Noticed Rupert
 26115 | D:15     | Found a staircase to the Depths.
 26541 | D:15     | Reached skill level 1 in Shields
 27282 | D:14     | Reached skill level 10 in Fighting
 27554 | Spider:1 | Entered Level 1 of the Spider Nest
 27564 | Spider:1 | Gained mutation: A demonic guardian rushes to your aid.
                  | [demonic ancestry]
 27564 | Spider:1 | Reached XP level 16. HP: 94/122 MP: 12/29
 28675 | Spider:1 | Reached skill level 10 in Spellcasting
 28858 | Spider:1 | Slain by a spark wasp

Illustrated notes

Levels and vault maps discovered:
D:1:      giann_bridges, layout_basic
D:2:      minmay_angry_zag, layout_rooms, dk_noncrumbling_4,
          corexii_leaking_fountain
D:3:      minmay_spotlight, layout_basic, nicolae_overflow_two_pavilions
D:4:      layout_rooms
D:5:      layout_loops_corners, nicolae_overflow_quartered_altars,
          minmay_temple_entry_gardened_gates, minmay_misc_feat_doors,
          nicolae_zig_zag_zippers, uniq_eustachio
D:6:      layout_basic, old_standard_altar, minmay_misc_feat_diagonals,
          dreamdust_princess_bridge
D:7:      layout_basic, enter_bailey_3, minmay_shop_mass
D:8:      layout_cave_pods, serial_shops, nicolae_shop_tiny_waterfront,
          serial_library_hellmonk_narrow_alcove, uniq_psyche
D:9:      layout_loops_cross, serial_shops, nicolae_shop_trees,
          chequers_serial_rivers_micro_a, uniq_jeremiah
D:10:     layout_stronghold, due_lair_maze_entry_diamond, serial_shops,
          nicolae_shop_behind_doors
D:11:     minmay_the_grid_4x2 [minmay_the_grid_tree, minmay_the_grid_doors,
          minmay_the_grid_minigrid_medium, minmay_the_grid_spin_star,
          minmay_the_grid_outer_diamond, minmay_the_grid_diamond_grid,
          minmay_the_grid_minigrid_small_alt,
          minmay_the_grid_prize_shrinking_boxes], layout_long_grid, david_orc_4
D:12:     layout_roguey, nicolae_benzene_ring, grunt_ministairs_15
D:13:     layout_long_grid, hellmonk_vaults_keyhole,
          portal_ice_cave_entry_pillars_2, minmay_rotating_lava
D:14:     layout_cave_pools, nemelex_lonely_heart_becter
D:15:     hellmonk_depths_entry_around_the_bend, layout_basic, hex_tiny,
          lemuel_flamethrower_hall, uniq_rupert, uniq_agnes
Lair:1:   layout_layer_cave, amcnicky_mini_pool_medium
Lair:2:   layout_small_grid, uniq_maggie
Lair:3:   layout_loops_ring, mainiacjoe_swamp_entry_lozenge_pond,
          dummy_spider_entry, minivault_23
Lair:4:   layout_loops_ring, minmay_slime_entry_jelly_boxes,
          infiniplex_staircase_pool, serial_bayou_shore_a, lemuel_fruit_tree
Lair:5:   hangedman_lair_in_review, layout_big_grid, lemuel_fruit_fields,
          uniq_sonja
Spider:1: layout_chambers, special_room [special_room_bee], nicolae_spider_bzzzt
Orc:1:    layout_caves
Orc:2:    st_orc_ogre_mass, layout_caves

Skill      XL: |  1  2  3  4  5  6  7  8  9 10 11 12 13 14 15 16 |
---------------+-------------------------------------------------+-----
Stealth        | 2 3 4 5 8 10 | 10.0
Fighting       | 1 2 4 6 8 10 | 10.0
Alchemy        | 4 5 6 7 10 11 12 14 | 14.0
Conjurations   | 2 3 4 |  4.5
Spellcasting   | 3 4 5 6 8 9 10 | 10.0
Short Blades   | 2 5 7 |  7.9
Fire Magic     | 1 2 3 4 |  4.0
Dodging        | 2 5 6 8 |  8.4
Necromancy     | 1 5 9 11 13 14 | 14.5
Armour         | 4 |  4.0
Summonings     | 3 5 |  5.1
Earth Magic    | 3 4 |  4.2
Shields        | 1 2 |  2.7

Action                     |  1- 3 |  4- 6 |  7- 9 | 10-12 | 13-15 | 16-18 || total
---------------------------+-------+-------+-------+-------+-------+-------++-------
  Melee: Dagger            |    28 |    90 |    99 |   200 |   369 |    41 ||   827
         Punch             |       |     1 |     3 |     6 |     6 |       ||    16
         Headbutt          |       |       |     1 |    44 |   124 |    11 ||   180
   Cast: Sting             |    51 |    95 |    54 |    59 |    34 |       ||   293
         Mercury Vapours   |       |     6 |     2 |     3 |     4 |       ||    15
         Mephitic Cloud    |       |     1 |     1 |     3 |    13 |     3 ||    21
         Olgreb's Toxic Ra |       |       |    21 |    75 |    99 |    23 ||   218
         Sticky Flame      |       |       |       |    38 |    94 |     5 ||   137
         Dispel Undead     |       |       |       |     6 |    23 |       ||    29
         Ignite Poison     |       |       |       |     9 |    83 |    10 ||   102
         Petrify           |       |       |       |       |     9 |       ||     9
         Martyr's Knell    |       |       |       |       |     7 |       ||     7
  Evoke: Wand              |       |       |       |       |     2 |       ||     2
    Use: Potion            |     2 |       |     1 |     1 |     2 |       ||     6
         Scroll            |     1 |    10 |     6 |    12 |     4 |       ||    33
   Stab: Sleeping          |     1 |       |     3 |     1 |     4 |     1 ||    10
         Distracted        |       |       |       |     1 |     3 |       ||     4
         Confused          |       |       |       |     2 |     1 |       ||     3
         Petrified         |       |       |       |       |     7 |       ||     7
         Petrifying        |       |       |       |       |     3 |       ||     3
 Armour: Robe              |    28 |    41 |    75 |    30 |       |       ||   174
         Ring mail         |       |       |       |   210 |   470 |    36 ||   716
  Dodge: Dodged            |    28 |    55 |    58 |   144 |   334 |    23 ||   642
  Block: Buckler           |       |       |       |       |     9 |    13 ||    22

Table legend: (Time is in decaauts)
 A = Elapsed time spent in this place.
 B = Non-inter-level travel time spent in this place.
 C = Inter-level travel time spent in this place.
 D = Time resting spent in this place.
 E = Time spent auto-exploring this place.
 F = Levels seen in this place.
 G = Mean time per level.
                   A        B        C        D        E       F      G
               +--------+--------+--------+--------+--------+-----+--------+
         Total |  28724 |  27201 |   1523 |   6379 |  15783 |  25 | 1149.0 |
       Dungeon |  17620 |  16491 |   1129 |   3282 |  10344 |  15 | 1174.7 |
          Lair |   6630 |   6298 |    332 |   1333 |   3754 |   5 | 1326.0 |
   Spider Nest |   1290 |   1290 |      0 |    514 |    578 |   1 | 1290.0 |
  Orcish Mines |   1787 |   1727 |     60 |    692 |    787 |   2 |  893.5 |
        Bailey |    562 |    562 |      0 |    178 |    155 |   1 |  562.0 |
      Ice Cave |    834 |    834 |      0 |    380 |    164 |   1 |  834.0 |
               +--------+--------+--------+--------+--------+-----+--------+

Top non-repeatable levels by time:
  Lair:5: 1985 daAuts
    D:11: 1973 daAuts
  Lair:1: 1634 daAuts
    D:13: 1584 daAuts
    D:10: 1549 daAuts
     D:5: 1549 daAuts
    D:15: 1377 daAuts
     D:6: 1295 daAuts
Spider:1: 1290 daAuts
  Lair:4: 1154 daAuts
     D:8: 1152 daAuts
     D:3: 1078 daAuts
     D:9: 1055 daAuts
  Lair:3: 1027 daAuts
    D:12: 989 daAuts
